 Dungeon Crawl Stone Soup version 0.27.1-1-g398f81649c (webtiles) character file.

Game seed: 2632068925101250277

18 TheGamechu the Grave Robber (level 2, 0/23 HPs)
             Began as a Hill Orc Necromancer on Sept 21, 2021.
             Slain by a jackal (1 damage)
             ... on level 1 of the Dungeon.
             The game lasted 00:05:47 (1716 turns).

TheGamechu the Grave Robber (Hill Orc Necromancer)  Turns: 1716, Time: 00:05:48

Health: 0/23       AC:  2    Str: 10    XL:     2   Next: 66%
Magic:  1/4        EV: 12    Int: 15    God:
Gold:   23         SH:  0    Dex: 11    Spells: 2/4 levels left

rFire    . . .     SeeInvis .   d - +0 dagger
rCold    . . .     Faith    .   (no shield)
rNeg     . . .     Spirit   .   a - +0 robe
rPois    .         Reflect  .   (no helmet)
rElec    .         Harm     .   (no cloak)
rCorr    .         Rampage  .   (no gloves)
Will     .....                  (no boots)
Stlth    ++........             (no amulet)
HPRegen  0.07/turn              (no ring)
MPRegen  0.09/turn              (no ring)

@: very slightly contaminated
A: no striking features
a: no special abilities


You were on level 1 of the Dungeon.
You visited 1 branch of the dungeon, and saw 1 of its levels.

You collected 23 gold pieces.

Inventory:

Hand Weapons
 d - a +0 dagger (weapon)
 e - a +0 spear
Armour
 a - a +0 robe (worn)
 f - a +0 chain mail
 h - a +0 leather armour
Scrolls
 b - a scroll of torment {unknown}
 c - a scroll of identify {unknown}
 i - a scroll of enchant weapon {unknown}
Potions
 g - a potion of attraction {unknown}


   Skills:
 + Level 1.4 Fighting
 + Level 1.0 Polearms
 - Level 1.5 Dodging
 - Level 1.5 Stealth
 - Level 1.5 Spellcasting
 + Level 4.2 Necromancy


You had 2 spell levels left.
You knew the following spells:

 Your Spells              Type           Power      Damage    Failure   Level
a - Pain                  Necr           56%        1d6       4%          1
b - Animate Skeleton      Necr           28%        N/A       4%          1

Your spell library contained the following spells:

 Spells                   Type           Power      Damage    Failure   Level
 Vampiric Draining        Necr           7%         2d7       12%         3
 Animate Dead             Necr           7%         N/A       36%         4
 Agony                    Necr           14%        N/A       73%         5


Dungeon Overview and Level Annotations

Branches:
Dungeon (1/15)

Altars:


Message History

The jackal is almost dead.
The jackal barely misses you. The jackal bites you.
The jackal barely misses you. The jackal bites you.
You barely miss the jackal.
The jackal is almost dead.
The jackal bites you but does no damage.
The jackal bites you.
The jackal bites you but does no damage.
The jackal bites you. The jackal barely misses you.
The jackal bites you but does no damage.
The jackal closely misses you. The jackal misses you. The jackal bites you.
* * * LOW HITPOINT WARNING * * *
Aiming: Pain (safe; 4% risk of failure)
Press: ? - help, Q - select action, (/) - cycle Shift-Dir - straight line, f/p - jackal
Aim: a jackal (severely wounded, chance to affect: 85%)
The jackal writhes in agony.
You kill the jackal!
The jackal misses you. The jackal misses you.
The jackal bites you but does no damage.
The jackal bites you.
* * * LOW HITPOINT WARNING * * *
The jackal bites you but does no damage.
The jackal barely misses you. The jackal bites you.
* * * LOW HITPOINT WARNING * * *
The jackal completely misses you.
Aiming: Pain (safe; 4% risk of failure)
Press: ? - help, Q - select action, (/) - cycle Shift-Dir - straight line, f - jackal
Aim: a jackal (heavily wounded, chance to affect: 85%)
You miscast Pain.
You are very lightly contaminated with residual magic.
Nothing appears to happen.
The jackal bites you but does no damage.
The jackal bites you.
* * * LOW HITPOINT WARNING * * *
The jackal bites you.
You die...

###.#####.#.#######.##.# ....#
#...##......##.#
######################.##########
................##...............
.....##.....###.##.###.########.#
#######.###.# #..#.###.# #.# #.#
#.# ##h#.##..# #.# #######.# #.#
#h#.#...##### #.# ........#
#.####@#.#.......# #.# #########
#........#.#.###.# #.# ..#
##########.##.#.# #.# #†# #.#
#..........>#.#.# #.####.# #.#
#.#########...#.# #.#..... #.#
#.# ###.#.# #.#.##.# #.# #.######
#.#.# #.#.##.# #.# #......# #.#.#
#.#....# #.# ######.#
#.#.###.######


You could see 2 jackals.

Vanquished Creatures
  A ball python (D:1)
  2 endoplasms (D:1)
  2 goblins (D:1)
  A hobgoblin (D:1)
  2 jackals (D:1)
  A quokka (D:1)
  A bat (D:1)
  2 frilled lizards (D:1)
  2 kobolds (D:1)
  2 rats (D:1)
16 creatures vanquished.

Notes
Turn   | Place    | Note
-------+----------+-------------------------------------------
     0 | D:1      | TheGamechu the Hill Orc Necromancer began the quest for the
                  | Orb.
     0 | D:1      | Reached XP level 1. HP: 14/14 MP: 3/3
   104 | D:1      | Learned a level 1 spell: Animate Skeleton
   451 | D:1      | Reached skill level 1 in Fighting
   451 | D:1      | Reached XP level 2. HP: 7/23 MP: 1/4
  1670 | D:1      | Reached skill level 1 in Polearms
  1714 | D:1      | HP: 1/23 [jackal (2)]
  1716 | D:1      | Slain by a jackal

Illustrated notes

Levels and vault maps discovered:
D:1:      elethiomel_arrival_maze, layout_basic, hangedman_decor_growths

Skill      XL: |  1  2 |
---------------+-------+-----
Fighting       | 1 |  1.4
Polearms       | 1 |  1.0
Dodging        | |  1.5
Stealth        | |  1.5
Spellcasting   | |  1.5
Necromancy     | |  4.2

Action                   || total
-------------------------++-------
Melee: Dagger            ||    24
 Cast: Pain              ||    22
       Animate Skeleton  ||     4
 Stab: Sleeping          ||     1
Armor: Robe              ||    15
Dodge: Dodged            ||    44
